 Dungeon Crawl Stone Soup version 0.29.1-15-g9cfb28693d (webtiles) character file.

Game seed: 17072678084855500146

1731 zeram the Cleaver (level 9, -1/78 HPs)
             Began as a Hill Orc Fighter on Mar 15, 2023.
             Slain by an orc warrior
             ... wielding a +0 glaive
              (6 damage)
             ... on level 6 of the Dungeon.
             The game lasted 00:07:22 (5295 turns).

zeram the Cleaver (Hill Orc Fighter)                Turns: 5295, Time: 00:07:22

Health: -1/78      AC:  9    Str: 23    XL:     9   Next: 5%
Magic:  9/9        EV: 10    Int:  8    God:
Gold:   261        SH:  4    Dex: 10    Spells: 8/8 levels left

rFire   . . .      SeeInvis .   a - +2 war axe (chaos)
rCold   . . .      Faith    .   c - +0 buckler
rNeg    . . .      Spirit   .   b - +0 scale mail
rPois   .          Reflect  .   f - +0 helmet
rElec   .          Harm     .   (no cloak)
rCorr   .          Rampage  .   (no gloves)
Will    .....                   (no boots)
Stlth   ..........              (no amulet)
HPRegen 0.23/turn               (no ring)
MPRegen 0.11/turn               (no ring)

@: no status effects
A: no striking features
a: no special abilities


You were on level 6 of the Dungeon.
You visited 1 branch of the dungeon, and saw 6 of its levels.
You also visited: Ossuary.

You collected 261 gold pieces.

Inventory:

Hand Weapons
 a - a +2 war axe of chaos (weapon)
Armour
 b - a +0 scale mail (worn)
 c - a +0 buckler (worn)
 f - a +0 helmet (worn)
Wands
 n - a wand of polymorph (5)
Scrolls
 g - 3 scrolls of vulnerability
 o - 3 scrolls of teleportation
 r - 4 scrolls of amnesia
 s - a scroll of magic mapping
 t - a scroll of blinking {unknown}
 x - a scroll of butterflies
Potions
 d - 2 potions of might
 e - 3 potions of heal wounds
 h - a potion of haste
 i - 2 potions of attraction
 j - 3 potions of ambrosia {unknown}
 k - a potion of brilliance {unknown}
 l - a potion of lignification {unknown}
 m - 2 potions of berserk rage {unknown}
 p - 3 potions of degeneration
 q - 2 potions of curing {unknown}
 u - a potion of flight {unknown}
 v - a potion of magic {unknown}
 z - a potion of cancellation {unknown}


   Skills:
 + Level 6.4 Fighting
 + Level 10.5 Axes
 + Level 6.5 Armour
 + Level 2.1 Dodging
 + Level 4.8 Shields
 + Level 0.4 Unarmed Combat


You had 8 spell levels left.
You didn't know any spells.
Your spell library contained the following spells:

 Spells                   Type           Power      Damage    Failure   Level
 Apportation              Tloc           0%         N/A       78%         1
 Alistair's Intoxication  Tmut/Pois      0%         N/A       100%        5


Dungeon Overview and Level Annotations

Branches:
Dungeon (6/15)            Ossuary (visited)
 Temple: D:4-7

Altars:
Cheibriados
Dithmenos
Gozag
Hepliaklqana
Makhleb
Qazlal
Ru
Trog
Uskayaw

Annotations:
D:6 2 transporters, turnipcat1's ghost, novice DrAr


Message History

You slash the orc wizard!
You kill the orc wizard!
The orc warrior hits you from afar with a +0 glaive.
An orc comes into view. It is wielding a +0 short sword.
The orc warrior hits you but does no damage.
Things that are here:
a +0 dagger; a +0 robe; an orc corpse You closely miss the orc warrior.
The orc shouts!
The orc warrior hits you with a +0 glaive!
You hit the orc warrior.
The orc warrior suddenly seems more agile.
The orc warrior is lightly wounded.
You block the orc warrior's attack.
You barely miss the orc warrior.
The orc warrior is lightly wounded.
An ice beast comes into view.
The orc warrior hits you with a +0 glaive!
You closely miss the orc warrior.
The orc warrior is lightly wounded.
The orc warrior barely misses you.
You hit the orc warrior but do no damage.
The orc warrior flickers and vanishes!
Deactivating autopickup; reactivate with Ctrl-A.
Something hits you but does no damage.
You miss something. You block something's attack.
You closely miss something. Something hits you!!
You are too injured to fight recklessly!
You are too injured to fight recklessly!
You are too injured to fight recklessly!
You are too injured to fight recklessly!
You miss something. Something hits you!
You miss something. Something hits you!!
* * * LOW HITPOINT WARNING * * *
You hear a shout!
You slash something!
Nothing appears to happen.
Something hits you!
* * * LOW HITPOINT WARNING * * *
Something completely misses you.
You completely miss something. Something hits you.
You die... #.. #.# #.# # #.#.# ##Y#. ooo

#{# #@# #.# ############
###.##.#####...........
...?.....?....##########
###############


You could see an ice beast and 3 orcs.

Vanquished Creatures
  Duvessa (D:4)
  An ice beast (D:4)
  A bullfrog (D:6)
  13 scorpions
  Dowan (D:4)
  A centaur zombie (Ossuary)
  3 hounds
  A human zombie (Ossuary)
  An orc priest (D:6)
  An iguana (D:5)
  Natasha (thrice) (D:3)
  2 orc wizards
  3 scorpion zombies (Ossuary)
  3 mummies (Ossuary)
  Robin (D:2)
  7 adders
  A worm (D:4)
  2 dart slugs
  15 orcs
  6 endoplasms
  3 giant cockroaches
  2 gnoll zombies (Ossuary)
  18 goblins
  9 hobgoblins
  6 jackals
  2 quokkas
  7 ball pythons
  A bat (D:2)
  6 frilled lizards
  4 goblin zombies (Ossuary)
  7 kobolds
  A kobold zombie (Ossuary)
  2 orc zombies (Ossuary)
  6 rats
141 creatures vanquished.

Notes
Turn   | Place    | Note
-------+----------+-------------------------------------------
     0 | D:1      | zeram the Hill Orc Fighter began the quest for the Orb.
     0 | D:1      | Reached XP level 1. HP: 19/19 MP: 1/1
   122 | D:1      | Found a faded altar of an unknown god.
   230 | D:1      | Reached XP level 2. HP: 27/27 MP: 2/2
   500 | D:1      | Reached skill level 3 in Axes
   736 | D:2      | Noticed Robin
   740 | D:2      | Reached XP level 3. HP: 31/33 MP: 3/3
  1067 | D:2      | Killed Robin
  1068 | D:2      | Reached XP level 4. HP: 20/40 MP: 4/4
  1409 | D:2      | Reached skill level 4 in Axes
  1884 | D:3      | Reached XP level 5. HP: 47/47 MP: 5/5
  2018 | D:3      | Noticed Natasha
  2026 | D:3      | Killed Natasha
  2197 | D:3      | Noticed Natasha
  2210 | D:3      | Killed Natasha
  2382 | D:3      | Noticed Natasha
  2395 | D:3      | Killed Natasha
  2396 | D:3      | Reached skill level 5 in Axes
  2649 | D:4      | Noticed an ice beast
  2656 | D:4      | Killed an ice beast
  2657 | D:4      | Reached skill level 1 in Dodging
  2657 | D:4      | Reached XP level 6. HP: 40/53 MP: 6/6
  3181 | D:4      | Reached skill level 6 in Axes
  3181 | D:4      | Reached skill level 5 in Armour
  3361 | D:4      | Reached XP level 7. HP: 60/60 MP: 7/7
  3402 | D:4      | Found a stormy altar of Qazlal.
  3403 | D:4      | Found an opulent altar of Gozag.
  3408 | D:4      | Found a burning altar of Makhleb.
  3409 | D:4      | Found a hide-covered altar of Uskayaw.
  3413 | D:4      | Found a snail-covered altar of Cheibriados.
  3413 | D:4      | Found a shadowy altar of Dithmenos.
  3417 | D:4      | Found a bloodstained altar of Trog.
  3419 | D:4      | Found a hazy altar of Hepliaklqana.
  3453 | D:4      | Noticed Dowan
  3454 | D:4      | Noticed Duvessa
  3466 | D:4      | Killed Duvessa
  3467 | D:4      | Reached skill level 5 in Fighting
  3472 | D:4      | Killed Dowan
  3473 | D:4      | Reached skill level 7 in Axes
  3755 | D:5      | Entered Level 5 of the Dungeon
  3876 | D:5      | Found a sand-covered staircase.
  3880 | Ossuary  | Entered an ossuary
  3918 | Ossuary  | Reached skill level 8 in Axes
  3918 | Ossuary  | Reached XP level 8. HP: 65/69 MP: 8/8
  4147 | Ossuary  | Reached skill level 9 in Axes
  4762 | D:5      | Found a sacrificial altar of Ru.
  4970 | D:5      | Reached skill level 10 in Axes
  5228 | D:6      | Found a transporter.
  5229 | D:6      | Found a transporter.
  5229 | D:6      | Noticed turnipcat1's ghost (novice DrAr)
  5229 | D:6      | Identified the +4 great mace of Juhyom {vorpal, Will+
                  | Int+3}
  5262 | D:6      | Reached XP level 9. HP: 78/78 MP: 9/9
  5295 | D:6      | Slain by an orc warrior

Illustrated notes

Levels and vault maps discovered:
D:1:      ncdulo_smallfort, layout_rooms, hellmonk_ecumenical_altar_blasted,
          due_unseen_surprise
D:2:      layout_rooms, uniq_robin
D:3:      layout_basic, dk_noncrumbling_4, uniq_natasha
D:4:      layout_basic, nicolae_overflow_hallway_of_the_gods, uniq_duvessa
D:5:      layout_basic, mainiacjoe_overflow_cross_hatched, serial_rivers,
          chequers_serial_rivers_small_3, chequers_serial_rivers_room_b,
          chequers_serial_rivers_micro_b, chequers_serial_rivers_micro_c,
          chequers_serial_rivers_micro_a, chequers_serial_rivers_small_b,
          enter_ossuary_5
D:6:      layout_loops_ring, gammafunk_ghost_smash

Skill      XL: |  1  2  3  4  5  6  7  8 |
---------------+-------------------------+-----
Axes           | 3 4 5 6 8 10 | 10.5
Fighting       | 4 5 6 |  6.4
Armour         | 4 5 6 |  6.5
Shields        | 4 |  4.8
Dodging        | 1 2 |  2.1
Unarmed Combat | |  0.4

Action                   |  1- 3 |  4- 6 |  7- 9 || total
-------------------------+-------+-------+-------++-------
Melee: War axe           |    79 |   169 |   161 ||   409
       Unarmed           |       |    13 |       ||    13
  Use: Scroll            |     1 |     6 |     8 ||    15
 Stab: Paralysed         |       |       |     2 ||     2
       Petrified         |       |       |     1 ||     1
Armor: Scale mail        |    46 |    84 |    46 ||   176
       Skin              |       |     3 |       ||     3
Dodge: Dodged            |    47 |    71 |    55 ||   173
Block: Buckler           |    28 |    37 |    33 ||    98
